 Dungeon Crawl Stone Soup version 0.18-a0-596-g6468885 (webtiles) character file.

202 George the Slasher (level 5, 0/41 HPs)
             Began as a Demonspawn Fighter on Dec 3, 2015.
             Was a Follower of Makhleb.
             Succumbed to a scorpion's poison
             ... on level 4 of the Dungeon.
             The game lasted 00:05:14 (2740 turns).

George the Slasher (Demonspawn Fighter)             Turns: 2740, Time: 00:05:15

Health: 0/41       AC:  8    Str: 18    XL:     5   Next: 50%
Magic:  5/5        EV:  7    Int: 14    God:    Makhleb [*.....]
Gold:   210        SH:  9    Dex: 12    Spells: 0 memorised, 4 levels left

rFire  + . .     SeeInvis .     j - +2 short sword (flame)
rCold  . . .     Clarity  .     b - +0 scale mail
rNeg   . . .     SustAt   .     c - +0 shield
rPois  .         Gourm    .     (no helmet)
rElec  .         Spirit   .     (no cloak)
rCorr  .         Dismiss  .     (no gloves)
rMut   .         Stasis   +     (no boots)
MR     .....                    y - amulet of stasis
Stlth  ++........               w - ring of protection from fire
                                C - +2 ring of protection

@: brilliant, lethally poisoned (0 -> -9), not resistant to hostile
enchantments, unstealthy
A: talons 1, nightstalker 2
a: Renounce Religion


You were on level 4 of the Dungeon.
You worshipped Makhleb.
Makhleb was aware of your devotion.
You were not hungry.

You visited 1 branch of the dungeon, and saw 4 of its levels.

You collected 210 gold pieces.

Inventory:

Hand Weapons
 a - a +0 long sword
 j - a +2 short sword of flaming (weapon)
Armour
 b - a +0 scale mail (worn)
 c - a +0 shield (worn)
Jewellery
 w - a ring of protection from fire (right hand)
 y - an amulet of stasis (around neck)
 C - a +2 ring of protection (left hand)
Scrolls
 g - 3 scrolls of identify {unknown}
 k - 3 scrolls of magic mapping {unknown}
 p - 2 scrolls of fear {unknown}
 q - 2 scrolls of enchant weapon {unknown}
 r - 2 scrolls of teleportation {unknown}
 s - 2 scrolls of random uselessness {unknown}
 v - a scroll of immolation {unknown}
 B - 2 scrolls of enchant armour {unknown}
Potions
 d - a potion of might
 f - a potion of degeneration {unknown}
 h - 2 potions of heal wounds {unknown}
 i - a potion of curing {unknown}
 m - 2 potions of brilliance
 n - a potion of flight {unknown}
 z - 2 potions of poison {unknown}
 A - a potion of ambrosia {unknown}
Comestibles
 e - 2 bread rations
 l - 5 fruits
 t - a slice of pizza


   Skills:
 + Level 3.1 Fighting
 * Level 4.7 Long Blades
 + Level 2.9 Armour
 + Level 1.0 Dodging
 + Level 2.8 Shields
 + Level 1.0 Invocations


You had 4 spell levels left.
You didn't know any spells.

Dungeon Overview and Level Annotations

Branches:
Dungeon (4/15)
 Temple: D:4-7

Altars:
Ashenzari
Elyvilon
Makhleb
Sif Muna
Xom
Zin

Annotations:
D:3 1 runed door


Innate Abilities, Weirdness & Mutations

You have sharp toenails.
You are significantly more attuned to the shadows.


Message History

The scorpion is lightly wounded.
The scorpion stings you!
* * * LOW HITPOINT WARNING * * *
You hit the scorpion. You burn the scorpion. Your kick misses the scorpion.
The scorpion is heavily wounded.
You feel sick. You block the scorpion's attack.
You closely miss the scorpion.
You claw the scorpion, but do no damage.
The scorpion is heavily wounded.
You block the scorpion's attack.
You hit the scorpion. You burn the scorpion.
The scorpion is severely wounded.
The scorpion stings you.
* * * LOW HITPOINT WARNING * * *
You are more poisoned.
The scorpion poisons you!
Drink which item? (? for menu, Esc to quit)
It was a potion of brilliance.
You feel clever all of a sudden.
You die...

♣♣.....♣ #.# ♣♣...♣♣ #.[
♣♣.....♣♣ #.. ♣♣..†....♣
#.# .. ##♣...≈≈≈...♣ ##.#
.##....≈≈≈≈≈..#.##.#
..#O...≈≈♣≈≈..#.##.#
#.#s#..≈≈≈≈≈........
#.#@#...≈≈≈...#.#...
#######.#.##.......##.#...
#.........# #........#...#
#.#####.### ###..####.#..#
#.# #.# ####.# #.#..# #.#
#.# #....# #.#..# #.# #.#
##.#### #.#..# #.#
#.####...#.## #.#..# #.#
#....(....#.###.#


You could see an ogre and a scorpion.

Vanquished Creatures
  2 hounds
  6 adders
  An adder skeleton (D:4)
  2 worms
  A giant gecko (D:1)
  5 orcs (D:3)
  A ball python (D:1)
  8 bats
  4 giant cockroaches
  12 goblins
  6 hobgoblins
  4 jackals (D:4)
  2 kobolds
  2 quokkas
  A giant gecko zombie (D:3)
  4 giant newts
  8 rats
69 creatures vanquished.

Notes
Turn   | Place    | Note
--------------------------------------------------------------
     0 | D:1      | George the Demonspawn Fighter began the quest for the Orb.
     0 | D:1      | Reached XP level 1. HP: 18/18 MP: 1/1
   144 | D:1      | Gained mutation: You are slightly more attuned to the shadows. [demonic ancestry]
   144 | D:1      | Reached XP level 2. HP: 17/24 MP: 2/2
   758 | D:2      | Reached XP level 3. HP: 29/29 MP: 3/3
   926 | D:2      | Found a deep blue altar of Sif Muna.
   935 | D:2      | Found a shattered altar of Ashenzari.
   939 | D:2      | Found a shimmering altar of Xom.
   990 | D:2      | Gained mutation: You are significantly more attuned to the shadows. [demonic ancestry]
   990 | D:2      | Reached XP level 4. HP: 35/35 MP: 4/4
  1031 | D:2      | Reached skill level 4 in Long Blades
  1173 | D:2      | Found a burning altar of Makhleb.
  1194 | D:2      | Became a worshipper of Makhleb the Destroyer
  1864 | D:3      | Gained mutation: You have sharp toenails. [demonic ancestry]
  1864 | D:3      | Reached XP level 5. HP: 41/41 MP: 5/5
  1931 | D:3      | Found a glowing silver altar of Zin.
  1932 | D:3      | Noticed an angel
  2110 | D:3      | Found a runed door.
  2122 | D:3      | Reached * piety under Makhleb
  2394 | D:3      | Reached skill level 1 in Dodging
  2710 | D:4      | Found a white marble altar of Elyvilon.
  2715 | D:4      | Noticed an ogre
  2719 | D:4      | Reached skill level 1 in Invocations
  2739 | D:4      | HP: 1/41 [scorpion (6)]
  2740 | D:4      | Succumbed to a scorpion's poison

Vault maps used:
D:1:      lightli_arrival_chessboard
D:2:      makhleb_heckhound_becter, grunt_temple_overflow_open
D:3:      serial_bayou_pond_e, lemuel_angel_altar
D:4:      first_bread, elyvilon_altar_3, uniq_duvessa

Action                   |  1- 3 |  4- 6 || total
-------------------------+-------+-------++-------
Melee: Long sword        |    21 |       ||    21
       Short sword       |    59 |   130 ||   189
  Use: Potion            |       |     1 ||     1
 Stab: Sleeping          |     1 |     3 ||     4
  Eat: Chunk             |       |     6 ||     6
